Cogmind - Beta 15 @@@ ROGUE MODE // 2025.07.22 @ 17:54:01 Player: Singularius Result: Destroyed by 1P-KH6(M) with Heavy Riot Gun Performance ------------- Evolutions (4) 2000 Regions Visited (5) 1000 Robots Destroyed (102) 510 Value Destroyed (3881) 3881 Prototype IDs (21) 420 Alien Tech Used (0) 0 Bonus (1467) 1467 TOTAL SCORE: 9278 Bonus ------- High Alert Combat Kills 758 Follower Combat Kills 37 Registered with UFD 300 Met Optimus in HQ 500 Friendly Fire -128 Cogmind --------- Core Integrity 0/850 Matter 275/300 Energy 100/170 System Corruption 27% Temperature Cool (0) Movement Walking (122) Location -6/Lower Caves Parts ------- > --- POWER (1) -------- Light Antimatter Reactor > --- PROPULSION (4) --- Carbon-fiber Leg Carbon-fiber Leg Improved Titanium Leg Flexi-carbon Leg > --- UTILITY (7) ------ Large Storage Unit Advanced Sensor Array Improved Signal Interpreter Terrain Scanner Terrain Scan Processor Targeting Computer Advanced Targeting Computer > --- WEAPON (3) ------- Improved Lightning Gun Improved Lightning Gun Enhanced Gauss Cannon > --- INVENTORY (15) --- Light Angular Momentum Engine Carbon-fiber Leg Carbon-fiber Leg Advanced Heat Sink Advanced Heat Sink Target Analyzer Improved Particle Charger Force Field High-powered Shock Rifle Hypervelocity Gauss Rifle Heavy Machine Gun KE Penetrator Bore Cannon Enhanced Gauss Cannon Precision Rocket Launcher Peak State ------------ > --- POWER ------------ Angular Momentum Engine > --- PROPULSION ------- Carbon-fiber Leg Carbon-fiber Leg Flexi-carbon Leg Flexi-carbon Leg > --- UTILITY ---------- Advanced Heat Sink Large Storage Unit Advanced Signal Interpreter Experimental Terrain Scanner Terrain Scan Processor Advanced Targeting Computer Target Analyzer > --- WEAPON ----------- Improved Lightning Gun Heavy Plasma Cannon Flak Gun > --- INVENTORY -------- Light Angular Momentum Engine Carbon-fiber Leg VSS Leg Improved Titanium Leg Matter Compressor Sensor Array Hardened Light Armor Plating Layered Medium Armor Plating Force Field Phase Cannon Autogun Magnetic Acceleration Cannon Precision Rocket Launcher Companion Sword Vortex Trap [Rating: 69] Favorites ----------- Power Light Ion Engine Engine Light Ion Engine Power Core Light Fission Core Reactor Light Antimatter Reactor Propulsion Aluminum Leg Treads Light Treads Leg Aluminum Leg Utility Large Storage Unit Device Sensor Array Storage Large Storage Unit Processor Terrain Scan Processor Protection Light Armor Plating Weapon Minigun Energy Gun Improved Lightning Gun Energy Cannon Heavy Plasma Cannon Ballistic Gun Minigun Ballistic Cannon Magnetic Acceleration Cannon Launcher Grenade Launcher Special Weapon CPS Tube Impact Weapon Hammer Slashing Weapon Companion Sword Build | -11 -10 -10 -8 -6 -6 ------- Run | Yrd Mat Sub Scr Fac Low Slots Evolved 8 | . . . . 8 . Power . | . . . . . . Propulsion 2 | . . . . 2 . Utility 5 | . . . . 5 . Weapon 1 | . . . . 1 . Parts Attached 98 | 7 9 3 3 75 1 Power 9 | 1 . 1 . 7 . Engine 6 | 1 . 1 . 4 . Core 1 | . . . . 1 . Reactor 2 | . . . . 2 . Propulsion 27 | 2 2 1 1 21 . Treads 2 | 2 . . . . . Leg 25 | . 2 1 1 21 . Wheel . | . . . . . . Hover . | . . . . . . Flight . | . . . . . . Utility 31 | 2 4 . . 25 . Device 14 | 1 1 . . 12 . Storage 3 | 1 1 . . 1 . Processor 7 | . . . . 7 . Hackware . | . . . . . . Protection 7 | . 2 . . 5 . Artifact . | . . . . . . Weapon 31 | 2 3 1 2 22 1 Energy Gun 9 | 1 . 1 . 7 . Energy Cannon 7 | . . . . 7 . Ballistic Gun 7 | 1 1 . 1 4 . Ballistic Cannon 3 | . . . . 2 1 Launcher 2 | . 1 . . 1 . Special Weapon 1 | . . . . 1 . Impact Weapon 1 | . 1 . . . . Slashing Weapon 1 | . . . 1 . . Piercing Weapon . | . . . . . . Special Melee Weapon . | . . . . . . Unidentified Prototypes 7 | . . . 1 6 . Corrupted Parts 3 | . . . . 3 . System Corruption 13 | . . . . 13 . Parts Lost 37 | . 4 4 . 29 . Power 5 | . . 1 . 4 . Propulsion 11 | . 2 1 . 8 . Utility 11 | . 1 1 . 9 . Weapon 10 | . 1 1 . 8 . Highest Loss Streak 6 | . 2 3 . 6 . To Critical Strikes 1 | . . . . 1 . Average Backups 12 | 2 10 10 14 13 14 Power . | . 1 . 1 . 1 Propulsion 3 | 1 3 2 3 3 2 Utility 4 | . 2 4 4 4 5 Weapon 4 | . 3 3 4 4 6 Tool/Special . | . . . . . . Unused Backups 27 | . . . 4 9 14 Power 3 | . . . . 2 1 Propulsion 4 | . . . 1 1 2 Utility 7 | . . . 2 2 3 Weapon 13 | . . . 1 4 8 Tool/Special . | . . . . . . Average Slot Usage (%) 98 | . 99 98 99 95 100 Engine 8 | . 14 14 14 3 . Treads 4 | . 20 . . . . Leg 22 | . 7 27 27 25 26 Device 11 | . 11 3 13 11 13 Storage 10 | . 14 14 14 6 6 Processor 10 | . . . . 22 26 Protection 2 | . 2 9 . 3 . Energy Gun 8 | . 12 . 12 3 13 Energy Cannon 1 | . . . . 5 . Ballistic Gun 10 | . 14 27 14 5 . Ballistic Cannon 1 | . . . . 2 5 Peak Build Rating 69 | 7 8 9 21 69 63 Average Rating 32 | 5 7 7 15 55 62 On Entrance 17 | . 7 8 9 17 61 Naked Turns . | . . . . . . Heaviest Build 65 | 14 32 29 31 65 54 Greatest Support 73 | 40 40 20 30 73 70 Greatest Overweight (x) 3 | 3 1 2 1 3 . Average Overweight (x) . | . . 1 1 . . Largest Inventory Capacity 15 | 8 15 15 15 15 15 Average Capacity 14 | 7 14 15 15 15 15 Most Carried 15 | 4 12 15 15 15 15 Average Carried 13 | 2 10 11 14 14 14 Final Capacity 15 | 8 15 15 15 15 15 Final Carried 15 | 4 11 15 15 14 15 Class Distribution -------------------- 54% | Mutant 28% | Scavenger-Skirmisher 6% | Scavenger-Gunner 4% | Scavenger-Mutant 4% | Gunner Dominant Class ---------------- Mutant | -10/Materials Mutant | -10/Subcaves Mutant | -8/Scraptown Scavenger-Skirmisher | -6/Factory Scavenger-Skirmisher | -6/Lower Caves Resources | -11 -10 -10 -8 -6 -6 ----------- Run | Yrd Mat Sub Scr Fac Low Matter Collected 3212 | 276 317 54 118 2188 259 Remotely . | . . . . . . Salvage Created 3848 | 100 589 102 . 2982 75 Parts 207 | 4 52 11 . 139 1 Haulers Intercepted 1 | . 1 . . . . Recyclers Shooed 7 | 2 2 . . 3 . Parts Field Recycled . | . . . . . . Retrieved Matter . | . . . . . . Parts Self-Destructed 23 | . . 9 . . 14 Prevented . | . . . . . . Kills | -11 -10 -10 -8 -6 -6 ------- Run | Yrd Mat Sub Scr Fac Low Combat Hostiles Destroyed 82 | . 22 3 . 54 3 Melee 5 | . . . . 5 . Guns 24 | . 13 1 . 10 . Cannons 22 | . . . . 21 1 AOE 29 | . 9 2 . 16 2 Classes Destroyed 16 | 2 5 1 . 7 1 Worker 3 | . 1 . . 2 . Builder 7 | . 2 . . 5 . Tunneler 1 | 1 . . . . . Hauler 1 | . 1 . . . . Recycler 6 | 1 1 . . 4 . Mechanic 1 | . . . . 1 . Swarmer 18 | . 9 . . 6 3 Grunt 39 | . 13 . . 26 . Brawler 3 | . . . . 3 . Duelist 1 | . . . . 1 . Protector 1 | . . . . 1 . Sentry 2 | . . . . 2 . Hunter 5 | . . . . 5 . Programmer 10 | . . . . 10 . Subdweller 3 | . . 3 . . . Ranger 1 | . . . . . 1 Best Kill Streak 8 | 1 8 2 . 7 3 Combat Bots Only 7 | . 5 2 . 7 3 Max Kills in Single Turn 4 | 1 3 1 . 4 1 Gunslinging . | . . . . . . Exploded 4 | . 2 1 . 4 1 Melee 1 | . . . . 1 . Uniques/NPCs Destroyed . | . . . . . . Combat | -11 -10 -10 -8 -6 -6 -------- Run | Yrd Mat Sub Scr Fac Low Hostile Shots Fired 626 | . 101 23 . 494 8 Missed 177 | . 25 10 . 137 5 Hits 449 | . 76 13 . 357 3 Melee 2 | . . . . 2 . Projectile 447 | . 76 13 . 355 3 Critical Strikes 16 | . . . . 16 . Part Disruptions 1 | . . . . 1 . Damage Taken 7234 | . 781 242 . 6167 44 Core 1030 | . 139 41 . 837 13 Absorbed by Shields 61 | . . . . 61 . Core Remaining (%) 64 | 100 . . 28 . . Volleys Fired 226 | 6 51 11 . 151 7 Largest 3 | 2 2 2 . 3 3 Hottest 260 | 70 80 80 . 260 167 Shots Fired 503 | 12 98 20 . 361 12 Gun 281 | 12 86 18 . 160 5 Cannon 197 | . . . . 192 5 Launcher 24 | . 12 2 . 8 2 Special 1 | . . . . 1 . Kinetic 211 | 6 46 15 . 139 5 Thermal 211 | 6 40 3 . 162 . Explosive 24 | . 12 2 . 8 2 Electromagnetic 56 | . . . . 51 5 Robot Hit Streak 19 | 4 7 9 . 14 19 Robot Miss Streak 5 | 1 4 2 . 5 . Penetration Max 1 | . . . . 1 1 Secondary Targets 2 | . 2 . . . . Max Gunslinging Chain 1 | . 1 . . . . Shots Hit Robots 333 | 9 61 14 . 241 8 Core Hits 192 | 4 47 5 . 132 4 Critical Kills 3 | . . . . 3 . Critical Parts Destroyed . | . . . . . . Critical Strikes 11 | . 5 1 . 4 1 Burn 5 | . 5 . . . . Meltdown 2 | . . . . 2 . Destroy 2 | . . 1 . 1 . Corrupt 2 | . . . . 1 1 Melee Attacks 42 | . 16 . . 26 . Impact 16 | . 16 . . . . Slashing 26 | . . . . 26 . Piercing . | . . . . . . Sneak Attacks 1 | . . . . 1 . Combat Hostiles . | . . . . . . Follow-up Attacks 1 | . . . . 1 . Damage Inflicted 11810 | 107 1828 269 . 9025 581 Guns 3033 | 107 564 127 . 2134 101 Cannons 3651 | . . . . 3550 101 Explosions 4489 | . 1264 142 . 2704 379 Melee 637 | . . . . 637 . Ramming . | . . . . . . Kinetic 2359 | 44 224 105 . 1885 101 Thermal 4636 | 63 542 22 . 4009 . Explosive 3304 | . 1062 142 . 1721 379 Electromagnetic 874 | . . . . 773 101 Impact . | . . . . . . Slashing 637 | . . . . 637 . Piercing . | . . . . . . Highest Corruption 26 | . . . . 26 26 Average Corruption 15 | . . . . 8 26 Corruption Purged . | . . . . . . Corruption Blocked . | . . . . . . Effects 155 | . . . . 81 74 Message Errors 44 | . . . . 21 23 Matter Fused 38 | . . . . 15 23 Heat Flow Errors 16 | . . . . 9 7 Energy Discharges 15 | . . . . 12 3 Parts Rejected 2 | . . . . 2 . Parts Fused 1 | . . . . 1 . Data Loss (minor) 22 | . . . . 9 13 Data Loss (major) 7 | . . . . 5 2 Misfires 5 | . . . . 3 2 Alerts 2 | . . . . 1 1 Weapon Failures 3 | . . . . 3 . Overload Shots . | . . . . . . Overflow Damage 646 | . 100 . . 514 32 Projectiles 141 | . . . . 141 . Explosions 505 | . 100 . . 373 32 Melee . | . . . . . . Knockbacks 10 | . . . . 10 . Impact . | . . . . . . Kinetic 9 | . . . . 9 . Secondary 1 | . . . . 1 . Self-Inflicted Damage 419 | . 20 . . 398 1 Shots 9 | . 2 . . 6 1 Rammed . | . . . . . . Targets Rammed . | . . . . . . Kicked . | . . . . . . Crushed . | . . . . . . Highest Temperature 514 | 40 241 . . 514 264 Average Temperature 103 | 20 65 . . 117 88 Received Heat Transfer 1637 | . 231 18 . 1388 . Effects 11 | . . . . 11 . Shutdowns 2 | . . . . 2 . Energy Bleed 1 | . . . . 1 . Interference 5 | . . . . 5 . Matter Decay 1 | . . . . 1 . Short Circuit 2 | . . . . 2 . Siege Activations . | . . . . . . Martial Activations . | . . . . . . Shielding Activations . | . . . . . . Robots Disrupted . | . . . . . . Combat Hostiles . | . . . . . . Robots Corrupted . | . . . . . . Combat Hostiles . | . . . . . . Parts Fried 3 | . . . . 2 1 Impact Corruptions . | . . . . . . Robots Melted 2 | . . . . 2 . Combat Hostiles 2 | . . . . 2 . Parts Melted 13 | . 2 . . 11 . Heat Transferred 6132 | 185 1519 25 . 4403 . Parts Sabotaged . | . . . . . . Parts Stolen . | . . . . . . Parts Stripped . | . . . . . . Power Chain Reactions . | . . . . . . Alert | -11 -10 -10 -8 -6 -6 ------- Run | Yrd Mat Sub Scr Fac Low Maximum Alert Level 4 | . 1 . . 4 . Low Security (%) 62 | 100 98 . . 40 . Level 1 9 | . 1 . . 15 . Level 2 14 | . . . . 24 . Level 3 9 | . . . . 15 . Level 4 2 | . . . . 4 . Level 5 . | . . . . . . High Security . | . . . . . . Max Security . | . . . . . . Peak Influence 1172 | 5 202 . . 1172 . Initial . | . . . . . . Average 258 | 1 56 . . 383 . Influence Increases 2783 | 10 641 . . 2062 70 Destroy 0b10 Robot/C 1580 | . 440 . . 1080 60 Destroy 0b10 Robot/NC 105 | 10 25 . . 70 . Destroy Leader 352 | . 92 . . 250 10 Allied During Kill 10 | . . . . 10 . Trap Triggered on 0b10 10 | . . . . 10 . Successful Hack 49 | . 5 . . 44 . Disable Machine 255 | . 15 . . 240 . Destroy Structure 302 | . 64 . . 238 . Partial Spotted 15 | . . . . 15 . Lose Combat Pursuer 105 | . . . . 105 . Influence Decreases 2510 | 10 461 180 . 891 968 Entered New Map 521 | . . 87 . . 434 Time Decay 1484 | 10 421 93 . 426 534 Lost Part 330 | . 40 . . 290 . Lost Ally 25 | . . . . 25 . Purge Threat 150 | . . . . 150 . Squads Dispatched 27 | . 5 . . 22 . Investigation 4 | . 3 . . 1 . Extermination 8 | . . . . 8 . Reinforcement 7 | . 2 . . 5 . Assault 3 | . . . . 3 . Garrison 5 | . . . . 5 . Intercept . | . . . . . . Searches Triggered . | . . . . . . Construction Impeded 2 | . . . . 2 . Haulers Reinforced . | . . . . . . Active Scanning Responses . | . . . . . . Cargo Convoy Interrupts . | . . . . . . Stealth | -11 -10 -10 -8 -6 -6 --------- Run | Yrd Mat Sub Scr Fac Low Distress Signals 3 | . 1 . . 2 . Communications Jammed . | . . . . . . Distress Signals . | . . . . . . Times Spotted 123 | . 34 3 . 82 4 Peak Tracking Total 8 | . 8 2 . 7 3 Tactical Retreats 4 | . . . . 4 . Traps | -11 -10 -10 -8 -6 -6 ------- Run | Yrd Mat Sub Scr Fac Low Traps Triggered 6 | . 3 . . 3 . Indirectly . | . . . . . . Trap Hack Attempts . | . . . . . . Triggered . | . . . . . . Disarmed . | . . . . . . Reprogrammed . | . . . . . . Reused 1 | . . . . 1 . Traps Extracted . | . . . . . . Installed 1 | . . . . 1 . Triggered 1 | . . . . 1 . Most Traps Carried 1 | . . 1 1 1 . Machines | -11 -10 -10 -8 -6 -6 ---------- Run | Yrd Mat Sub Scr Fac Low Machines Disabled 17 | . 1 . . 16 . Max in Single Turn 4 | . 1 . . 4 . Machines Repaired . | . . . . . . Machines Dismantled . | . . . . . . Machines Sabotaged . | . . . . . . Overloaded Fab Kills . | . . . . . . Hacking | -11 -10 -10 -8 -6 -6 --------- Run | Yrd Mat Sub Scr Fac Low Machines Accessed 22 | . 5 . 6 9 2 Terminals 12 | . 5 . . 6 1 Fabricators 1 | . . . . 1 . Repair Stations 1 | . . . . 1 . Recycling Units 1 | . . . . 1 . Scanalyzers . | . . . . . . Garrison Access . | . . . . . . Total Hacks 47 | . 12 . 19 14 2 Successful 35 | . 8 . 19 6 2 Failed 12 | . 4 . . 8 . Catastrophic 3 | . . . . 3 . Database Lockouts . | . . . . . . Manual 12 | . 5 . . 7 . Terminals 24 | . 12 . . 11 1 Fabricators 1 | . . . . 1 . Repair Stations 1 | . . . . 1 . Recycling Units 1 | . . . . 1 . Scanalyzers . | . . . . . . Garrison Access . | . . . . . . Terminal Hacks 30 | . 6 . 19 3 2 Record 20 | . . . 17 2 1 Prototype ID Bank 1 | . 1 . . . . Open Door 2 | . . . 1 . 1 Alert Level 1 | . 1 . . . . Unreport Threat 1 | . . . . 1 . Locate Traps 1 | . 1 . . . . Registered Components 1 | . 1 . . . . Zone Layout 2 | . 2 . . . . Proto ID Catalog 1 | . . . 1 . . Fabricator Hacks 1 | . . . . 1 . Build 1 | . . . . 1 . Repair Station Hacks . | . . . . . . Recycling Unit Hacks . | . . . . . . Scanalyzer . | . . . . . . Garrison Access Hacks . | . . . . . . Unauthorized Hacks 4 | . 2 . . 2 . Terminals 4 | . 2 . . 2 . Botnet 4 | . 2 . . 2 . Fabricators . | . . . . . . Repair Stations . | . . . . . . Recycling Units . | . . . . . . Scanalyzers . | . . . . . . Garrison Access . | . . . . . . Data Cores Recovered . | . . . . . . Used . | . . . . . . Hacking Detections 11 | . 4 . . 7 . Full Trace Events . | . . . . . . Feedback Events . | . . . . . . Feedback Blocked . | . . . . . . Robot Schematics Acquired . | . . . . . . Robots Built 3 | . . . . 3 . Authchips . | . . . . . . Time 76 | . . . . 76 . Total Robot Build Rating 15 | . . . . 15 . Part Schematics Acquired . | . . . . . . Parts Built . | . . . . . . Authchips . | . . . . . . Time . | . . . . . . Total Part Build Rating . | . . . . . . Parts Repaired . | . . . . . . Time . | . . . . . . Parts Recycled . | . . . . . . Recycled Matter . | . . . . . . Retrieved Matter . | . . . . . . Retrieved Components . | . . . . . . Parts Scanalyzed . | . . . . . . Part Schematics Acquired . | . . . . . . Parts Damaged . | . . . . . . Bothacking | -11 -10 -10 -8 -6 -6 ------------ Run | Yrd Mat Sub Scr Fac Low Used RIF Installer . | . . . . . . Robots Hacked . | . . . . . . Non-combat . | . . . . . . Combat . | . . . . . . Robot Hacks Applied . | . . . . . . Relay Couplers Released 5 | . . . . 5 . Machine Destruction 1 | . . . . 1 . Programmers 4 | . . . . 4 . Fabnet Peak Effective % . | . . . . . . Robots Rewired . | . . . . . . Allies Hacked 2 | . . . . 2 . Hacks Repelled . | . . . . . . Allies | -11 -10 -10 -8 -6 -6 -------- Run | Yrd Mat Sub Scr Fac Low Total Allies 3 | . . . . 3 . Largest Group 3 | . . . . 3 . Highest-Rated Group 87 | . . . . 87 . Highest-Rated Ally 29 | . . . . 29 . Total Orders . | . . . . . . Ally Attacks 16 | . . . . 16 . Total Damage 214 | . . . . 214 . Kills 2 | . . . . 2 . Allies Corrupted . | . . . . . . Allies Melted 1 | . . . . . 1 Intel | -11 -10 -10 -8 -6 -6 ------- Run | Yrd Mat Sub Scr Fac Low Active Infowar (turns) 9499 | 25 1830 230 2907 3004 1503 Sensors 8524 | . 1429 230 2907 2455 1503 Terrain 3829 | . . . . 2326 1503 Seismic 426 | 25 401 . . . . Robot Analysis Total . | . . . . . . Derelict Logs Recovered 4 | . . . 3 . 1 Drone Launches . | . . . . . . Drone Recoveries . | . . . . . . Exploration | -11 -10 -10 -8 -6 -6 ------------- Run | Yrd Mat Sub Scr Fac Low Turns Passed 11680 | 113 2284 902 2947 3931 1503 Spaces Moved 5915 | 48 822 450 1535 2231 829 Core 14 | 14 . . . . . Treads 582 | 34 548 . . . . Legs 5319 | . 274 450 1535 2231 829 Wheels . | . . . . . . Hover . | . . . . . . Flight . | . . . . . . Fastest Speed 50 | 50 160 190 190 112 122 Average Speed 153 | 149 170 190 190 126 122 Slowest Speed 330 | 200 190 260 190 330 122 Overloaded Moves . | . . . . . . Propulsion Burnouts . | . . . . . . Robots Hopped . | . . . . . . Potential Cave-ins 2 | . . . . 2 . Cave-ins Triggered . | . . . . . . Exploration Rate (%) 58 | 5 95 27 94 58 72 Regions Visited 5 Branch Regions 3 Pre-discovered Areas 2 | . . . 2 . . Known Exits Taken 1 | . . . . 1 . Unknown Exits Taken 4 | 1 1 1 1 . . Scrap Searched 7 | . . . 5 . 2 Spaces Dug 33 | . 2 . . 29 2 Terrain Destroyed 403 | . 76 11 . 273 43 Melee 10 | . 2 . . 8 . Projectile 67 | . . . . 63 4 AOE 326 | . 74 11 . 202 39 Terrain Rammed . | . . . . . . Walls Destroyed . | . . . . . . Machines Disabled . | . . . . . . Actions | -11 -10 -10 -8 -6 -6 --------- Run | Yrd Mat Sub Scr Fac Low Total 8025 | 75 1584 476 1569 3005 1316 Wait 1504 | 11 665 2 13 353 460 Move 5910 | 47 821 449 1534 2230 829 Hop . | . . . . . . Pick Up 85 | 4 9 7 8 49 8 Fast Attach 45 | 7 1 . 1 35 1 Attach 34 | . 3 3 1 27 . Detach 3 | . . . . 3 . Swap 105 | . 17 4 3 79 2 Drop 70 | . 1 . 9 52 8 Fire 226 | 6 51 11 . 151 7 Melee 41 | . 16 . . 25 . Ram . | . . . . . . Kick . | . . . . . . Crush . | . . . . . . Escape Stasis . | . . . . . . Rewire . | . . . . . . Trap 1 | . . . . 1 . Miscellaneous 1 | . . . . . 1 Route ------- -11/Scrapyard -10/Materials (discovered 5 exits: [*Mat x3] / [*Min] / [*Sub]) -10/Subcaves -8/Scraptown (discovered 2 exits: *Fac x2) -6/Factory (discovered 4 exits: [*Fac x2] / *Low x2) -6/Lower Caves History --------- Turn | Location | Event 22 | -11/Scrapyard | Discovered new exit (range 16) 114 | -11/Scrapyard | Entered Materials 203 | -10/Materials | Discovered new exit (range 16) 305 | -10/Materials | Build established: Mutant 599 | -10/Materials | Discovered new exit (range 6) 734 | -10/Materials | Discovered new exit (range 3) 899 | -10/Materials | Discovered new exit (range 14) 1763 | -10/Materials | Core integrity fell below 50% 2396 | -10/Materials | Discovered new exit (range 2) 2398 | -10/Materials | Entered Subcaves 2399 | -10/Subcaves | Approached by a straggling Scientist 2625 | -10/Subcaves | Ambushed by Subdwellers from Twisted Machinery 2777 | -10/Subcaves | Scientist uncovered a shortcut to Scraptown 2821 | -10/Subcaves | Shifting Twisted Machinery released Shrapnel Trap 2829 | -10/Subcaves | Shifting Twisted Machinery released Sub. Laser 3284 | -10/Subcaves | Lost 3 parts (1n1u1w) 3300 | -10/Subcaves | Entered Scraptown 3845 | -8/Scraptown | Discovered new exit (range 3) 3891 | -8/Scraptown | Scanned Subdweller tech in exchange for log data 3896 | -8/Scraptown | Learned location of Extension (-5) 3898 | -8/Scraptown | Learned Factory garrison access intel 3948 | -8/Scraptown | Visited Cyclists 3978 | -8/Scraptown | Visited SPCMW 4409 | -8/Scraptown | Visited Spacefarers 4502 | -8/Scraptown | Visited Shadow of the Wyrm 4527 | -8/Scraptown | Visited Assassins FH 4612 | -8/Scraptown | Visited CPS Storage 4646 | -8/Scraptown | Visited TADAMA 4969 | -8/Scraptown | Visited UFD Registry 4969 | -8/Scraptown | Registered with UFD as "Shockbot" 5038 | -8/Scraptown | Entered Cyclist Reading Room 5168 | -8/Scraptown | Visited LU-1G1's Boring Crew 5223 | -8/Scraptown | Visited Curators Association 5253 | -8/Scraptown | Visited Scrapoid Pod Storage 5470 | -8/Scraptown | Visited Science Guys 5551 | -8/Scraptown | Visited Supply Room 5587 | -8/Scraptown | Visited Sword Containment 5653 | -8/Scraptown | Visited Junk Repository 5706 | -8/Scraptown | Visited Infowarlord's Domain 5720 | -8/Scraptown | Found Exp. Terrain Scanner 5768 | -8/Scraptown | Visited Research Penetration Think Tank 5858 | -8/Scraptown | Visited Scrap Suit Storage 6023 | -8/Scraptown | Discovered new exit (range 3) 6125 | -8/Scraptown | Met Optimus 6125 | -8/Scraptown | Accepted into 0bPrime 6247 | -8/Scraptown | Entered Factory 6247 | -6/Factory | Evolved 8 slots: Propulsion x2, Utility x5, Weapon x1 6248 | -6/Factory | Loaded intel: 4 garrison access locations 6362 | -6/Factory | Fabricated G-50 Soldier (x3) 6899 | -6/Factory | Discovered new exit (range 29) 7269 | -6/Factory | Build established: Scavenger-Skirmisher 7693 | -6/Factory | Garrison activated, responded to threat 8093 | -6/Factory | Discovered new exit (range 13) 8611 | -6/Factory | Lost 3 parts (1p1n1u) 8697 | -6/Factory | First assault squad dispatched 8882 | -6/Factory | Lost 4 parts (1p1n1u1w) 9001 | -6/Factory | Core integrity fell below 50% 9014 | -6/Factory | Lost 5 parts (1p1n1u2w) 9124 | -6/Factory | Discovered new exit (range 22) 9154 | -6/Factory | Spotted B-75 Beast 9213 | -6/Factory | Identified exit to Lower Caves 9520 | -6/Factory | System corruption reached 10% 9682 | -6/Factory | Discovered exit to Lower Caves (range 14) 10003 | -6/Factory | Core integrity fell below 20% 10006 | -6/Factory | Garrison activated, responded to threat 10046 | -6/Factory | Destroyed 7 combat bots 10073 | -6/Factory | Lost 6 parts (1p2n2u1w) 10178 | -6/Factory | Entered Lower Caves 10215 | -6/Lower Caves | Encountered a Warlord checkpoint 10393 | -6/Lower Caves | Activated DRS Beacon 11548 | -6/Lower Caves | Learned Factory terminal intel 11681 | -6/Lower Caves | Attacked by a delusional Derelict stockpiling Unaware 11681 | -6/Lower Caves | Destroyed by 1P-KH6(M) with Heavy Riot Gun Last Messages --------------- 11521_ S-27 Virus destroyed. 11523_ Destroyed VTOL Module. 11523_ S-27 Virus destroyed. 11529_ System corrupted: Matter fused (-5). 11534_ The unstable cave ceiling collapses. 11537_ Acquired 6 matter. 11538_ VTOL Module fries itself beyond repair. 11546_ SWEYHY E1VPPW=RKQQOG W0JTTQ TJRY9